 Dungeon Crawl Stone Soup version 0.28-a0-821-g923ab73998 (webtiles) character file.

Game seed: 16440193148237876508

87564 Essalna the Destroyer (level 15, -6/114 HPs)
             Began as a Demonspawn Fire Elementalist on Nov 9, 2021.
             Was a High Priest of Vehumet.
             Killed from afar by a shock serpent (24 damage)
             ... with a bolt of electricity
             ... on level 2 of the Snake Pit.
             The game lasted 00:56:41 (23852 turns).

Essalna the Destroyer (DsFE)                       Turns: 23852, Time: 00:56:41

Health: -6/114     AC: 13    Str: 10    XL:     15   Next: 44%
Magic:  30/40      EV: 16    Int: 32    God:    Vehumet [*****.]
Gold:   1661       SH: 12    Dex: 14    Spells: 8/37 levels left

rFire   + . .      SeeInvis .   o - staff of fire
rCold   + . .      Faith    .   K - +3 buckler
rNeg    . . .      Spirit   .   x - +1 robe {rC+}
rPois   +          Reflect  .   w - +3 hat of Pondering {ponderous, Will+ MP+10 Int+5}
rElec   .          Harm     .   (no cloak)
rCorr   .          Rampage  .   H - +0 pair of gloves
Will    ++...                   (no boots)
Stlth   ++........              D - amulet of magic regeneration
HPRegen 0.29/turn               m - ring of poison resistance
MPRegen 0.52/turn               N - +6 ring of intelligence

@: lethally poisoned (-6 -> -7), slow
A: rugged brown scales 2, icemail 1, powered by death 2, condensation shield,
weakness stinger 1, deterioration 1, frail 1
a: Renounce Religion


You were on level 2 of the Snake Pit.
You worshipped Vehumet.
Vehumet was extremely pleased with you.
You visited 4 branches of the dungeon, and saw 19 of its levels.
You also visited: Ice Cave.

You collected 2025 gold pieces.
You spent 364 gold pieces at shops.

Inventory:

Missiles
 E - 6 throwing nets
Armour
 f - the +6 leather armour of Yfyney {MP+9 Int+3}
   (You found it on level 2 of the Lair of Beasts)

   Int:       It affects your intelligence (+3).
   MP:        It affects your magic capacity (+9).
 n - a +2 robe of positive energy
 u - a +1 helmet
 w - the +3 hat of Pondering (worn) {ponderous, Will+ MP+10 Int+5}
   (You took it off Gastronok on level 3 of the Lair of Beasts)

   Int:       It affects your intelligence (+5).
   MP:        It affects your magic capacity (+10).
   Will:      It increases your willpower.
 x - a +1 robe of cold resistance (worn)
 F - a +1 ring mail of willpower
 H - a +0 pair of gloves (worn)
 K - a +3 buckler (worn)
 T - a +1 robe of fire resistance
Magical Staves
 g - a staff of earth
 o - a staff of fire (weapon)
 q - a staff of death
 y - a staff of conjuration
Jewellery
 m - a ring of poison resistance (left hand)
 B - an amulet of regeneration
 C - a ring of ice
 D - an amulet of magic regeneration (around neck)
 N - a +6 ring of intelligence (right hand)
 S - a ring of see invisible
Wands
 a - a wand of flame (24)
 l - a wand of charming (14)
 t - a wand of iceblast (5)
 J - a wand of paralysis (15)
 M - a wand of acid (13)
 P - a wand of digging (5)
Scrolls
 h - 7 scrolls of noise
 i - 2 scrolls of blinking
 j - 14 scrolls of identify
 k - 5 scrolls of teleportation
 I - 2 scrolls of enchant armour
 O - a scroll of enchant weapon
 Q - 3 scrolls of immolation {unknown}
 R - a scroll of magic mapping {unknown}
 U - a scroll of fog {unknown}
Potions
 b - a potion of attraction
 c - 5 potions of degeneration {unknown}
 d - 3 potions of curing
 e - a potion of invisibility {unknown}
 p - 5 potions of mutation {unknown}
 r - 6 potions of heal wounds {unknown}
 s - 4 potions of flight {unknown}
 v - 2 potions of might {unknown}
 z - a potion of cancellation {unknown}
 A - 2 potions of ambrosia {unknown}
 G - a potion of brilliance {unknown}
 L - 2 potions of berserk rage {unknown}


   Skills:
 + Level 12.1 Fighting
 - Level 7.0 Armour
 + Level 9.9 Dodging
 - Level 1.7 Stealth
 - Level 4.0 Shields
 + Level 11.6 Spellcasting
 - Level 12.2 Conjurations
 + Level 11.7 Fire Magic
 + Level 1.6 Ice Magic
 - Level 4.0 Earth Magic


You had 8 spell levels left.
You knew the following spells:

 Your Spells              Type           Power      Damage    Failure   Level
a - Foxfire               Conj/Fire      100%       2x1d9     0%          1
b - Scorch                Fire           100%       2d10      1%          2
c - Flame Wave            Conj/Fire      97%        3d16      1%          4
d - Stone Arrow           Conj/Erth      100%       3d13      1%          3
e - Iron Shot             Conj/Erth      31%        9d6       4%          6
f - Starburst             Conj/Fire      48%        6d13      1%          6
g - Ozocubu's Refrigerat  Ice            14%        4d7       93%         7

Your spell library contained the following spells:

 Spells                   Type           Power      Damage    Failure   Level
 Conjure Flame            Conj/Fire      97%        6-21      1%          3
 Inner Flame              Hex/Fire       71%        N/A       1%          3
 Iskenderun's Mystic Bla  Conj/Tloc      55%        2d12      1%          4
 Irradiate                Conj/Tmut      27%        3d22      1%          5
 Lightning Bolt           Conj/Air       27%        1d44      1%          5
 Summon Small Mammal      Summ           72%        N/A       2%          1
 Ensorcelled Hibernation  Hex/Ice        46%        N/A       2%          2
 Freezing Cloud           Conj/Ice/Air   24%        6-21      3%          5
 Sublimation of Blood     Necr           18%        N/A       4%          2
 Wereblood                Tmut           18%        N/A       4%          2
 Lee's Rapid Deconstruct  Erth           22%        3d13*     4%          5
 Call Canine Familiar     Summ           18%        N/A       8%          3
 Summon Guardian Golem    Hex/Summ       18%        N/A       8%          3
 Tukima's Dance           Hex            18%        N/A       8%          3
 Leda's Liquefaction      Hex/Erth       15%        N/A       12%         4
 Spellforged Servitor     Conj/Summ      27%        N/A       41%         7
 Statue Form              Tmut/Erth      20%        N/A       87%         6
 Summon Hydra             Summ           9%         N/A       100%        7


Dungeon Overview and Level Annotations

Branches:
Dungeon (9/15)             Temple (0/1) D:6            Lair (6/6) D:8
  Swamp (0/4) Lair:4        Snake (2/4) Lair:2        Slime (0/5) Lair:6
    Orc (2/2) D:9             Elf (0/3) Orc:2         IceCv (visited)

Altars:
Dithmenos
Fedhas
Gozag
Hepliaklqana
Kikubaaqudgha
Okawaru
Vehumet
Wu Jian
Zin
Beogh
Jiyva

Shops:
D:9 *   Orc:1 =   Orc:2 (!(:!   Snake:2 **


Innate Abilities, Weirdness & Mutations

You are mostly covered in rugged brown scales. (AC +2, +5% HP)
A meltable icy envelope protects you from harm. (AC +4)
You regenerate health from kills.
A meltable shield of frost defends you. (SH +4)
You have a small tail.
Your body sometimes deteriorates upon taking damage.
You are frail. (-10% HP)


Message History

The naga sharpshooter is moderately wounded.
The naga sharpshooter shoots an arrow.
The arrow hits you!!
Casting: Scorch (safe; 1% risk of failure)
Confirm with . or Enter, or press ? or * to list all spells.
You feel a surge of power!
Flames lash the naga sharpshooter.
The naga sharpshooter is burned terribly!
The naga sharpshooter is heavily wounded.
The shock serpent shoots out a bolt of lightning at you!
The bolt of electricity hits you!!
The naga sharpshooter spits poison at you.
The splash of poison hits you.
You are poisoned.
You resist.
The shock serpent shoots out a bolt of lightning at you!
The bolt of electricity hits you!
Casting: Scorch (safe; 1% risk of failure)
Confirm with . or Enter, or press ? or * to list all spells.
You feel a surge of power!
Flames lash the naga sharpshooter.
The naga sharpshooter is burned terribly!
The naga sharpshooter is severely wounded.
You feel sick.
The naga sharpshooter casts a spell.
The naga sharpshooter magically shoots an arrow.
The arrow hits you!!
* * * LOW HITPOINT WARNING * * *
Casting: Scorch (safe; 1% risk of failure)
Confirm with . or Enter, or press ? or * to list all spells.
Aiming: Stone Arrow (safe; 1% risk of failure)
Press: ? - help, Shift-Dir - straight line, f - naga sharpshooter
Aim: a naga sharpshooter, wielding a +0 longbow and quivering arrows (severely wounded, catching its breath, more vulnerable to fire, 78% to hit)
The stone arrow hits the naga sharpshooter!!
You kill the naga sharpshooter!
Vehumet accepts your kill.
You feel your power returning.
You feel sick.
You feel your strength returning.
You feel sick.
You feel sick.
The shock serpent shoots out a bolt of lightning at you!
The bolt of electricity hits you!!
You die...

.#.#.# ..... ... ..
)#.#.#.#. ...#. .
.<.)....... ..#. .#
##.#.#.#.#.## .....∩..
... ...... ..)#..
.#.#.#.#.#. ....#.#.
...........######S......
.# #.#.#.#....@....# ..
...............# .#
.#.#.#.....##..#
...............#
#.#.##.#####.## #. #..#
#.# #.###.####.#
#.#.......##.# .
#.#......)##.#


You could see a shock serpent.

Vanquished Creatures
  Gastronok (Lair:3)
  A nagaraja (Snake:2)
  An orc warlord (Orc:2)
  Snorg (Orc:1)
  An ettin (Orc:2)
  Fannar (Lair:3)
  2 ogre magi (Orc:2)
  2 boulder beetles (Lair:2)
  4 naga warriors
  5 hydras
  Erica (D:9)
  2 anacondas
  4 catoblepae
  9 death yaks
  A two-headed ogre (Orc:1)
  A naga sharpshooter (Snake:2)
  3 shock serpents (Snake:2)
  2 naga ritualists
  2 orc knights
  2 lindwurms
  Pikel (D:7)
  11 orc sorcerers
  An oklob plant (Lair:6)
  An ugly thing (Snake:1)
  3 manticores
  3 mana vipers
  A cyclops (Orc:1)
  2 salamanders
  3 guardian serpents
  19 elephants
  16 black mambas
  4 naga magi
  Maurice (Orc:1)
  3 ice devils (IceCv)
  An anaconda simulacrum (IceCv)
  13 cane toads
  8 komodo dragons
  2 freezing wraiths (Snake:1)
  6 entropy weaver simulacra (IceCv)
  9 polar bears
  3 trolls
  14 dream sheep
  A shadow (D:6)
  Sigmund (D:3)
  A spriggan (D:7)
  A dire elephant simulacrum (IceCv)
  3 spriggan simulacra (IceCv)
  38 yaks
  A vampire (D:8)
  4 wyverns
  A steam dragon (D:8)
  5 vampire mosquitoes (Lair:4)
  6 basilisks
  Menkaure (D:6)
  A harpy simulacrum (IceCv)
  8 minotaur simulacra (IceCv)
  5 wargs
  Duvessa (D:6)
  16 water moccasins
  19 nagas
  20 orc warriors
  A sky beast (D:7)
  A black bear (D:5)
  7 necrophages
  3 alligator simulacra (IceCv)
  12 ogres
  7 wolves
  2 lemures (D:7)
  5 centaurs
  A kobold brigand (D:6)
  A wyvern zombie (D:8)
  7 bullfrogs
  4 deep troll simulacra (IceCv)
  A scorpion (D:5)
  Dowan (D:6)
  A water moccasin skeleton (D:6)
  10 killer bees
  A lindwurm simulacrum (IceCv)
  2 electric eels (Lair:4)
  4 wights (D:7)
  3 howler monkeys (D:8)
  2 hounds (D:4)
  2 centaur zombies
  17 orc priests
  A jelly (D:7)
  A bullfrog skeleton (D:4)
  4 gnoll shamans
  A centaur skeleton (D:7)
  4 iguanas
  34 orc wizards
  A killer bee zombie (D:7)
  6 adders
  23 gnolls
  A shadow imp (D:6)
  A white imp (D:6)
  An adder skeleton (D:4)
  2 worms (D:2)
  3 dart slugs (D:3)
  62 orcs
  5 endoplasms
  7 giant cockroaches
  5 hobgoblins
  4 jackals (D:5)
  4 quokkas
  5 ball pythons
  3 bats
  3 frilled lizards (D:1)
  8 goblins
  9 kobolds
  4 rats
  8 bushes (Lair:6)
609 creatures vanquished.

Vanquished Creatures (collateral kills)
  20 foxfires
20 creatures vanquished.

Vanquished Creatures (others)
  A black mamba (Snake:2)
  A bush (Lair:1)
  1326 foxfires
  30 fungi
  59 plants
1417 creatures vanquished.

Grand Total: 2046 creatures vanquished

Notes
Turn   | Place    | Note
-------+----------+-------------------------------------------
     0 | D:1      | Essalna the Demonspawn Fire Elementalist began the quest
                  | for the Orb.
     0 | D:1      | Reached XP level 1. HP: 13/13 MP: 3/3
   423 | D:1      | Gained mutation: A meltable shield of frost defends you.
                  | (SH +4) [demonic ancestry]
   423 | D:1      | Reached XP level 2. HP: 19/19 MP: 0/5
  1250 | D:1      | Found a faded altar of an unknown god.
  1439 | D:2      | Gained mutation: You are partially covered in rugged brown
                  | scales. (AC +1, +3% HP) [demonic ancestry]
  1439 | D:2      | Reached XP level 3. HP: 19/24 MP: 0/6
  2786 | D:3      | Noticed an ogre
  3179 | D:3      | Gained mutation: You regenerate a little health from kills.
                  | [demonic ancestry]
  3179 | D:3      | Reached XP level 4. HP: 30/30 MP: 5/8
  3237 | D:3      | Learned a level 2 spell: Scorch
  3374 | D:3      | Noticed Sigmund
  4147 | D:4      | Reached skill level 1 in Fighting
  4147 | D:4      | Reached skill level 1 in Shields
  4147 | D:4      | Reached XP level 5. HP: 10/38 MP: 0/9
  4544 | D:3      | Found an ornate altar of the Wu Jian Council.
  4635 | D:3      | Killed Sigmund
  4636 | D:3      | Gained mutation: You are mostly covered in rugged brown
                  | scales. (AC +2, +5% HP) [demonic ancestry]
  4636 | D:3      | Reached XP level 6. HP: 30/46 MP: 0/11
  4951 | D:3      | Found a blossoming altar of Fedhas.
  5274 | D:3      | Found a radiant altar of Vehumet.
  5345 | D:3      | Became a worshipper of Vehumet
  5476 | D:3      | Learned a level 4 spell: Flame Wave
  5726 | D:4      | Gained mutation: A meltable icy envelope protects you from
                  | harm. (AC +4) [demonic ancestry]
  5726 | D:4      | Reached XP level 7. HP: 53/53 MP: 3/12
  5885 | D:5      | Entered Level 5 of the Dungeon
  6236 | D:5      | Reached XP level 8. HP: 58/60 MP: 0/14
  6512 | D:5      | Reached skill level 5 in Fire Magic
  6810 | D:5      | Found an opulent altar of Gozag.
  7207 | D:5      | Found a shadowy altar of Dithmenos.
  7333 | D:6      | Noticed Duvessa
  7472 | D:6      | Reached * piety under Vehumet
  7472 | D:6      | Offered knowledge of Shock by Vehumet.
  7558 | D:6      | Reached skill level 5 in Conjurations
  7561 | D:6      | Reached skill level 5 in Spellcasting
  7789 | D:6      | Noticed Dowan
  7960 | D:6      | Killed Duvessa
  7965 | D:6      | Killed Dowan
  7966 | D:6      | Gained mutation: You have a small tail. [demonic ancestry]
  7966 | D:6      | Reached XP level 9. HP: 69/69 MP: 4/17
  8383 | D:6      | Noticed Menkaure
  8387 | D:6      | Killed Menkaure
  8388 | D:6      | Reached skill level 5 in Fighting
  8892 | D:6      | Found a staircase to the Ecumenical Temple.
  9684 | D:7      | Offered knowledge of Poisonous Vapours by Vehumet.
 10231 | D:7      | Found a hazy altar of Hepliaklqana.
 10237 | D:7      | Reached ** piety under Vehumet
 10238 | D:7      | Found a faded altar of an unknown god.
 10387 | D:8      | Reached skill level 1 in Armour
 10389 | D:8      | Noticed Pikel
 10415 | D:7      | Killed Pikel
 10416 | D:7      | Reached XP level 10. HP: 71/79 MP: 12/19
 10458 | D:8      | Noticed a manticore
 10468 | D:8      | Killed a manticore
 11308 | D:8      | Found a staircase to the Lair.
 11475 | D:9      | Found an iron altar of Okawaru.
 11806 | D:9      | Identified a scroll of acquirement
 11806 | D:9      | Acquired the Collected Works on Combat Magic
 11814 | D:9      | Learned a level 3 spell: Stone Arrow
 11968 | D:9      | Offered knowledge of Mephitic Cloud by Vehumet.
 11978 | D:9      | Found a staircase to the Orcish Mines.
 12193 | D:9      | Found Leelem's Assorted Antiques.
 12216 | D:9      | Noticed Erica
 12227 | D:9      | Killed Erica
 12527 | D:9      | Reached skill level 1 in Earth Magic
 13060 | Lair:1   | Entered Level 1 of the Lair of Beasts
 13185 | Lair:1   | Noticed a cane toad
 13192 | Lair:1   | Killed a cane toad
 13291 | Lair:1   | Noticed a cane toad
 13294 | Lair:1   | Reached XP level 11. HP: 82/88 MP: 14/22
 13298 | Lair:1   | Reached *** piety under Vehumet
 13708 | Lair:2   | Noticed a boulder beetle
 13738 | Lair:2   | Noticed a six-headed hydra
 13742 | Lair:2   | Killed a six-headed hydra
 13746 | Lair:2   | Identified the +6 leather armour of Yfyney {MP+9 Int+3}
 14019 | Lair:2   | Noticed a boulder beetle
 14045 | Lair:2   | Killed a boulder beetle
 14045 | Lair:2   | Offered knowledge of Ignite Poison by Vehumet.
 14179 | Lair:2   | Reached skill level 5 in Dodging
 14247 | Lair:2   | Killed a boulder beetle
 14351 | Lair:2   | Found a staircase to the Snake Pit.
 14957 | Lair:2   | Reached skill level 5 in Armour
 14957 | Lair:2   | Reached XP level 12. HP: 58/97 MP: 20/24
 15093 | Lair:3   | Reached **** piety under Vehumet
 15100 | Lair:3   | Offered knowledge of Olgreb's Toxic Radiance by Vehumet.
 15438 | Lair:3   | Noticed a catoblepas
 15451 | Lair:3   | Killed a catoblepas
 15527 | Lair:3   | Noticed Gastronok
 15541 | Lair:3   | Killed Gastronok
 15562 | Lair:3   | Noticed Fannar
 15568 | Lair:3   | Killed Fannar
 15686 | Lair:3   | Noticed a seven-headed hydra
 15693 | Lair:3   | Killed a seven-headed hydra
 16014 | Lair:4   | Found a staircase to the Swamp.
 16015 | Lair:4   | Noticed an eight-headed hydra
 16025 | Lair:4   | Killed an eight-headed hydra
 16229 | Lair:4   | Reached XP level 13. HP: 106/106 MP: 26/26
 16481 | Lair:5   | Reached ***** piety under Vehumet
 16481 | Lair:5   | Offered knowledge of Conjure Ball Lightning by Vehumet.
 16609 | Lair:5   | Learned a level 6 spell: Iron Shot
 16637 | Lair:5   | Reached skill level 10 in Conjurations
 17101 | Lair:6   | Entered Level 6 of the Lair of Beasts
 17110 | Lair:6   | Reached skill level 10 in Fighting
 17134 | Lair:6   | Reached skill level 10 in Fire Magic
 17186 | Lair:6   | Found a staircase to the Slime Pits.
 17272 | Lair:6   | Reached skill level 10 in Spellcasting
 17408 | Lair:6   | Reached XP level 14. HP: 108/116 MP: 28/28
 17772 | Lair:6   | Found a viscous altar of Jiyva.
 18510 | Orc:1    | Entered Level 1 of the Orcish Mines
 18691 | Orc:1    | Noticed Snorg
 18701 | Orc:1    | Killed Snorg
 18827 | Orc:1    | Found Kiuziotu's Jewellery Emporium.
 18974 | Orc:1    | Noticed Maurice
 18981 | Orc:1    | Killed Maurice
 19298 | Orc:2    | Entered Level 2 of the Orcish Mines
 19380 | Orc:2    | Offered knowledge of Iskenderun's Battlesphere by Vehumet.
 19566 | Orc:2    | Found a staircase to the Elven Halls.
 19572 | Orc:2    | Found Adoubuja's Antique Weapon Boutique.
 19703 | Orc:2    | Noticed an orc warlord
 19714 | Orc:2    | Killed an orc warlord
 19837 | Orc:2    | Found Ereibei's Distillery.
 19857 | Orc:2    | Found an ancient bone altar of Kikubaaqudgha.
 19864 | Orc:2    | Offered knowledge of Starburst by Vehumet.
 19879 | Orc:2    | Learned a level 6 spell: Starburst
 19880 | Orc:2    | Found Uruschic's Antique Weapon Emporium.
 19969 | Orc:2    | Found Gownax's Book Emporium.
 19975 | Orc:2    | Gained mutation: Your body sometimes deteriorates upon
                  | taking damage. [a neqoxec]
 19976 | Orc:2    | Gained mutation: You are frail. (-10% HP) [a neqoxec]
 19995 | Orc:2    | Found Alal's Distillery.
 19997 | Orc:2    | Bought a book of Blood for 364 gold pieces
 20170 | Orc:2    | Found a radiant altar of Vehumet.
 20595 | Snake:1  | Entered Level 1 of the Snake Pit
 20705 | Snake:1  | Found a frozen archway.
 20711 | IceCv    | Entered an ice cave
 22600 | Snake:1  | Gained mutation: You regenerate health from kills. [demonic
                  | ancestry]
 22600 | Snake:1  | Reached XP level 15. HP: 108/113 MP: 27/30
 23393 | Snake:2  | Offered knowledge of Ozocubu's Refrigeration by Vehumet.
 23402 | Snake:2  | Noticed a nagaraja
 23417 | Snake:1  | Learned a level 7 spell: Ozocubu's Refrigeration
 23505 | Snake:2  | Reached skill level 1 in Ice Magic
 23638 | Snake:2  | Found Durashrog's Mayhem Merchandise.
 23798 | Snake:2  | Killed a nagaraja
 23817 | Snake:2  | Found Jorewah's Overcharged Wands.
 23827 | Snake:2  | Identified the +7 flail "Xife" {venom, Contam rPois rF+
                  | Dex+5}
 23852 | Snake:2  | Killed from afar by a shock serpent

Illustrated notes

Levels and vault maps discovered:
D:1:      tarquinn_simple_flora_water_a, layout_rooms,
          chequers_ecumenical_altar_lobes, amethyst_killhole,
          amcnicky_mini_pool_small, hangedman_decor_push, minmay_pentomino_o4
D:2:      layout_loops_ring, kennysheep_generic_room_16
D:3:      layout_basic, lemuel_tele_altar, nzn_wu_jian_council_hall,
          vehumet_altar_wand_db, minmay_misc_feat_cross, st_stairs_10,
          uniq_sigmund
D:4:      layout_gridville, kennysheep_crisscross
D:5:      layout_loops_ring, nicolae_dithmenos_through_a_glass_darkly,
          grunt_gozag_breadcrumbs
D:6:      layout_basic, zin_statuary, temple_hall,
          minmay_misc_feat_secret_circle, minmay_misc_feat_rugged, uniq_duvessa,
          uniq_menkaure
D:7:      layout_basic, beargit_hepliaklqana_dungeon_heroes, minivault_23
D:8:      layout_cave_pods, lair_entry_dummy, serial_rivers,
          chequers_serial_rivers_small_b, chequers_serial_rivers_room_a,
          chequers_serial_rivers_room_a, chequers_serial_rivers_micro_e,
          chequers_serial_rivers_micro_c, uniq_pikel
D:9:      layout_basic, okawaru_ov_weapons_minmay, orc_0_dummy, serial_shops,
          nicolae_shop_temple_entry_statues_fountains, roderic_lattice_a,
          uniq_erica
Lair:1:   wander_river, layout_hall_layers
Lair:2:   layout_chaotic_city, guppyfry_snake_entry_garden, serial_bayou_shore_a
Lair:3:   layout_chaotic_city, uniq_gastronok, uniq_fannar
Lair:4:   layout_cave_shapes, minmay_swamp_entry_swarm,
          infiniplex_staircase_pool
Lair:5:   layout_loops_ring, roderic_carrion_pond, lemuel_fruit_tree,
          infiniplex_staircase_pool_2
Lair:6:   evilmike_catoblepas_cave, layout_gridlike, slime_altar_1,
          minmay_lair_oklob_bushes, minivault_26, cheibrodos_lair_lostbears
Snake:1:  layout_gridlike, portal_ice_cave_entry_horrid_things, st_stairs_9,
          grunt_megastairs_3
Snake:2:  cheibrodos_forgotten_conduit, layout_basic, minmay_shop_mayhem,
          nicolae_snake_gridmaze_tees, st_stairs_11,
          nicolae_snake_gridmaze_spiral, nrook_loot_triangle,
          nicolae_shop_overcharged_wands, uniq_aizul
Orc:1:    layout_caves, serial_shops, shop_fountains, nicolae_orc_pool_cavern,
          uniq_maurice, uniq_snorg
Orc:2:    kennysheep_orc_mage_school, layout_diamond_mine, serial_shops,
          nicolae_square_shop

Skill      XL: |  1  2  3  4  5  6  7  8  9 10 11 12 13 14 15 |
---------------+----------------------------------------------+-----
Fire Magic     | 3 4 5 6 7 8 9 10 11 | 11.7
Conjurations   | 2 3 4 5 6 7 8 9 10 11 12 | 12.2
Spellcasting   | 3 4 5 6 7 8 9 10 11 | 11.6
Fighting       | 1 2 3 4 6 7 8 9 10 11 12 | 12.1
Shields        | 1 2 3 4 |  4.0
Dodging        | 2 4 5 6 8 9 |  9.9
Armour         | 1 3 5 6 7 |  7.0
Earth Magic    | 1 3 4 |  4.0
Ice Magic      | 1 |  1.6
Stealth        | |  1.7

Action                   |  1- 3 |  4- 6 |  7- 9 | 10-12 | 13-15 || total
-------------------------+-------+-------+-------+-------+-------++-------
Melee: Unarmed           |    26 |     2 |       |       |       ||    28
       Staff             |       |     5 |    15 |     2 |     2 ||    24
 Cast: Foxfire           |   117 |   105 |   185 |   197 |   205 ||   809
       Scorch            |       |     9 |    57 |    93 |   133 ||   292
       Flame Wave        |       |       |    11 |    52 |   104 ||   167
       Iron Shot         |       |       |       |       |    10 ||    10
       Starburst         |       |       |       |       |     5 ||     5
       Stone Arrow       |       |       |       |       |     1 ||     1
Evoke: Wand              |       |       |       |    11 |     1 ||    12
  Use: Scroll            |       |       |       |    13 |       ||    13
       Potion            |       |       |       |     1 |       ||     1
Armor: Robe              |     9 |     4 |    26 |    21 |    25 ||    85
       Leather armour    |       |       |       |    70 |    62 ||   132
Dodge: Dodged            |    25 |    12 |    35 |    81 |   136 ||   289
Block: Other             |     2 |       |       |       |       ||     2
       Buckler           |       |     8 |    41 |    83 |   123 ||   255

Table legend: (Time is in decaauts)
 A = Elapsed time spent in this place.
 B = Non-inter-level travel time spent in this place.
 C = Inter-level travel time spent in this place.
 D = Time resting spent in this place.
 E = Time spent auto-exploring this place.
 F = Levels seen in this place.
 G = Mean time per level.
                   A        B        C        D        E       F      G
               +--------+--------+--------+--------+--------+-----+--------+
         Total |  24383 |  23276 |   1107 |    824 |  18786 |  20 | 1219.2 |
       Dungeon |  13371 |  12804 |    567 |    671 |  10551 |   9 | 1485.7 |
          Lair |   5678 |   5426 |    252 |     32 |   4376 |   6 |  946.3 |
     Snake Pit |   1895 |   1702 |    193 |    121 |   1267 |   2 |  947.5 |
  Orcish Mines |   1951 |   1857 |     94 |      0 |   1418 |   2 |  975.5 |
      Ice Cave |   1487 |   1487 |      0 |      0 |   1173 |   1 | 1487.0 |
               +--------+--------+--------+--------+--------+-----+--------+

Top non-repeatable levels by time:
     D:3: 1910 daAuts
     D:5: 1707 daAuts
 Snake:1: 1636 daAuts
     D:8: 1569 daAuts
   IceCv: 1487 daAuts
     D:9: 1475 daAuts
     D:6: 1453 daAuts
  Lair:2: 1411 daAuts
     D:1: 1408 daAuts
     D:4: 1367 daAuts
  Lair:6: 1343 daAuts
     D:7: 1278 daAuts
   Orc:2: 1265 daAuts
     D:2: 1201 daAuts
  Lair:3: 951 daAuts
